 Dungeon Crawl Stone Soup version 0.23.2-1-ga50397a6bc (webtiles) character file.

Game seed: 17437657668716320540

1451 Foic the Thaumaturge (level 8, 0/58 HPs)
             Began as a Gnoll Wizard on May 17, 2019.
             Was a Follower of Sif Muna.
             Slain by a black bear (2 damage)
             ... while petrified by a basilisk
             ... on level 8 of the Dungeon.
             The game lasted 00:56:24 (7746 turns).

Foic the Thaumaturge (Gnoll Wizard)                 Turns: 7746, Time: 00:56:25

Health: 0/58       AC:  6    Str:  9    XL:     8   Next: 75%
Magic:  19/20      EV:  2    Int: 23    God:    Sif Muna [*.....]
Gold:   462        SH:  0    Dex: 14    Spells: 16/23 levels left

rFire    . . .     SeeInvis .   c - +0 spear
rCold    . . .     Gourm    .   (no shield)
rNeg     + + +     Faith    .   a - +0 robe
rPois    ∞         Spirit   .   b - +0 hat
rElec    .         Reflect  .   y - scarf {cloud immunity}
rCorr    .         Harm     .   F - +0 pair of gloves
MR       .....                  J - +0 pair of boots
Stlth    +++.......             h - amulet of magic regeneration
HPRegen  0.19/turn              w - ring of poison resistance
MPRegen  0.42/turn              O - ring of wizardry

@: petrified
A: distributed training, fangs 1, slimy green scales 1, wild magic 1, strong
nose
a: Divine Energy, Renounce Religion


You were on level 8 of the Dungeon.
You worshipped Sif Muna.
Sif Muna was aware of your devotion.
You were not hungry.

You visited 2 branches of the dungeon, and saw 9 of its levels.

You collected 462 gold pieces.

Inventory:

Hand Weapons
 c - a +0 spear (weapon)
 i - a +0 dagger
 C - a +0 shortbow
 U - a +0 hunting sling
Missiles
 e - 121 arrows
 f - 172 stones (quivered)
 n - 7 tomahawks
 t - 27 poisoned needles
 A - 40 sling bullets
 S - 4 javelins
Armour
 a - a +0 robe (worn)
 b - a +0 hat (worn)
 k - a +0 buckler
 x - a +1 scale mail of fire resistance
 y - a scarf of cloud immunity (worn)
 z - a +0 cloak
 D - a +0 plate armour
 F - a +0 pair of gloves (worn)
 G - the +7 chain mail of Miuvireq {Dex+4}
   (You found it on level 5 of the Dungeon)

   It affects your dexterity (+4).
 J - a +0 pair of boots (worn)
Jewellery
 h - an amulet of magic regeneration (around neck)
 j - an uncursed amulet of faith
 w - a ring of poison resistance (left hand)
 I - a +2 ring of evasion
 O - a ring of wizardry (right hand)
 R - an uncursed ring of fire
Wands
 v - a wand of acid (28)
 M - a wand of polymorph (3)
Scrolls
 g - a scroll of random uselessness {unknown}
 l - 3 scrolls of enchant weapon {unknown}
 o - 2 scrolls of noise {unknown}
 q - a scroll of fear {unknown}
 r - 5 scrolls of remove curse
 B - 2 scrolls of teleportation {unknown}
 E - 3 scrolls of fog {unknown}
 L - a scroll of immolation {unknown}
 N - a scroll of vulnerability {unknown}
 P - a scroll of blinking
 T - 2 scrolls of identify
Potions
 m - 2 potions of ambrosia
 p - 2 potions of curing
 s - 2 potions of lignification {unknown}
 u - a potion of magic {unknown}
 H - a potion of invisibility {unknown}
 K - a potion of agility {unknown}
 V - a potion of flight {unknown}
Comestibles
 d - 13 rations
 Q - 9 chunks of flesh


   Skills:
 + Level 3.4 Fighting
 + Level 3.4 Short Blades
 + Level 3.4 Long Blades
 + Level 3.4 Axes
 + Level 3.4 Maces & Flails
 + Level 3.4 Polearms
 + Level 3.4 Staves
 + Level 3.4 Slings
 + Level 3.4 Bows
 + Level 3.4 Crossbows
 + Level 3.4 Throwing
 + Level 3.4 Armour
 + Level 5.8 Dodging
 + Level 5.5 Stealth
 + Level 3.4 Shields
 + Level 3.4 Unarmed Combat
 + Level 8.0 Spellcasting
 + Level 3.6 Conjurations
 + Level 2.8 Hexes
 + Level 2.8 Charms
 + Level 3.6 Summonings
 + Level 2.8 Necromancy
 + Level 3.6 Translocations
 + Level 2.8 Transmutations
 + Level 2.8 Fire Magic
 + Level 2.8 Ice Magic
 + Level 2.8 Air Magic
 + Level 2.8 Earth Magic
 + Level 2.8 Poison Magic
 + Level 3.8 Invocations
 + Level 3.4 Evocations


You had 16 spell levels left.
You knew the following spells:

 Your Spells              Type           Power        Failure   Level  Hunger
a - Magic Dart            Conj           ####         1%          1    None
b - Blink                 Tloc           N/A          1%          2    None
c - Call Imp              Summ           ####....     1%          2    None
d - Slow                  Hex            ####....     2%          2    None

Your spell library contained the following spells:

 Spells                   Type           Power        Failure   Level  Hunger
 Beastly Appendage        Tmut           ####..       1%          1    None
 Sticks to Snakes         Tmut           ####....     2%          2    None
 Conjure Flame            Conj/Fire      ####....     3%          3    None
 Mephitic Cloud           Conj/Pois/Air  ####....     4%          3    None
 Spider Form              Tmut/Pois      ####......   4%          3    None
 Ice Form                 Ice/Tmut       ####....     12%         4    ###....
 Blade Hands              Tmut           ####......   30%         5    #####..


Dungeon Overview and Level Annotations

Branches:
Dungeon (8/15)             Temple (1/1) D:4
   Lair: D:8-11

Altars:
Ashenzari
Cheibriados
Dithmenos
Elyvilon
Gozag
Hepliaklqana
Kikubaaqudgha
Makhleb
Nemelex Xobeh
Okawaru
Qazlal
Ru
Sif Muna
Trog
Uskayaw
Vehumet
Wu Jian
Xom
Yredelemnul
Zin
The Shining One

Shops:
D:4 [(=*   D:7 (

Annotations:
D:4 buy book 315g boots 199g


Innate Abilities, Weirdness & Mutations

Your experience applies equally to all skills.
You have very sharp teeth.
Your uncanny sense of smell can sniff out nearby items.
You are partially covered in slimy green scales. (AC +2)
Your spells are a little harder to cast, but a little more powerful.


Message History

The basilisk bites your crimson imp. The crocodile bites you!
* * * LOW HITPOINT WARNING * * *
The black bear bites you!
* * * LOW HITPOINT WARNING * * *
The black bear claws you.
The black bear claws you but does no damage.
Your crimson imp barely misses the basilisk.
Your crimson imp closely misses the basilisk.
The crocodile bites you!
* * * LOW HITPOINT WARNING * * *
The basilisk misses your crimson imp. The crocodile completely misses you.
The black bear bites you but does no damage.
The black bear claws you but does no damage. x2
Your crimson imp closely misses the basilisk.
Your crimson imp hits the basilisk.
The crocodile bites you!
* * * LOW HITPOINT WARNING * * *
The basilisk bites your crimson imp!!
Your crimson imp dies!
The crocodile completely misses you. The black bear bites you.
You die...

..## ... .. ..P.P #..
. .... ######..
.##.lP #...... .....
#.....### ##.r. ♣
#..5l...### ... ...
#..tth#..l####.##..#
#...@.###.5..#...#.##
#...########.†.......
#.###...# #####...)_
#.###.<.# #.._8
#.##....# ..._
#)##...## ...
#.#....# ## #.....##
#...8.#


You could see a basilisk (unaware), 2 crocodiles, a black bear and a friendly
crimson imp.

Vanquished Creatures
  A phantom (D:4)
  A centaur (D:5)
  A bullfrog (D:4)
  A wyvern skeleton (D:6)
  An orc wizard (D:4)
  A hound (D:4)
  An iguana (D:7)
  A worker ant (D:4)
  A worker ant zombie (D:7)
  4 adders
  A shadow imp (D:6)
  An ooze (D:3)
  An adder zombie (D:5)
  A worm (D:3)
  A dart slug (D:2)
  4 leopard geckos
  4 orcs
  8 giant cockroaches
  8 goblins
  7 hobgoblins
  5 jackals
  3 kobolds
  3 quokkas
  A ball python (D:1)
  7 bats
  6 frilled lizards
  A quokka zombie (D:6)
  11 rats
86 creatures vanquished.

Vanquished Creatures (collateral kills)
  A hippogriff (D:6)
  A hungry ghost (D:8)
  A porcupine (D:8)
  2 black bears (D:7)
  A necrophage (D:6)
  A centaur (D:8)
  2 bullfrogs (D:7)
  3 scorpions
  2 howler monkeys
  A crimson imp (D:5)
  2 hounds
  2 jellies (D:7)
  Natasha (thrice) (D:3)
  Terence (D:3)
  5 worker ants
  An iguana (D:4)
  A worker ant zombie (D:5)
  An adder (D:5)
  A shadow imp (D:5)
  2 adder zombies (D:5)
  A worm (D:3)
  A leopard gecko (D:7)
  An orc (D:4)
  A ball python (D:5)
  A goblin (D:3)
  4 jackals
  A leopard gecko skeleton (D:7)
44 creatures vanquished.

Vanquished Creatures (others)
  A plant (D:8)
1 creature vanquished.

Grand Total: 131 creatures vanquished

Notes
Turn   | Place    | Note
-------+----------+-------------------------------------------
     0 | D:1      | Foic the Gnoll Wizard began the quest for the Orb.
     0 | D:1      | Reached XP level 1. HP: 13/13 MP: 8/8
   247 | D:1      | Reached XP level 2. HP: 19/19 MP: 7/10
   251 | D:1      | Learned a level 2 spell: Blink
   254 | D:1      | Learned a level 2 spell: Call Imp
   257 | D:1      | Learned a level 2 spell: Slow
   651 | D:1      | Reached XP level 3. HP: 25/25 MP: 1/11
  1343 | D:2      | Reached skill level 1 in Invocations
  1541 | D:2      | Found an ancient bone altar of Kikubaaqudgha.
  1624 | D:2      | Found an ornate altar of the Wu Jian Council.
  1628 | D:2      | Reached skill level 1 in Fighting
  1628 | D:2      | Reached skill level 1 in Short Blades
  1628 | D:2      | Reached skill level 1 in Long Blades
  1628 | D:2      | Reached skill level 1 in Axes
  1628 | D:2      | Reached skill level 1 in Maces & Flails
  1628 | D:2      | Reached skill level 1 in Polearms
  1628 | D:2      | Reached skill level 1 in Staves
  1628 | D:2      | Reached skill level 1 in Slings
  1628 | D:2      | Reached skill level 1 in Bows
  1628 | D:2      | Reached skill level 1 in Crossbows
  1628 | D:2      | Reached skill level 1 in Throwing
  1628 | D:2      | Reached skill level 1 in Armour
  1628 | D:2      | Reached skill level 1 in Shields
  1628 | D:2      | Reached skill level 1 in Unarmed Combat
  1628 | D:2      | Reached skill level 1 in Evocations
  1816 | D:2      | Reached XP level 4. HP: 32/32 MP: 10/13
  1973 | D:2      | Found a sparkling altar of Nemelex Xobeh.
  2144 | D:2      | Found a faded altar of an unknown god.
  2543 | D:3      | Reached skill level 1 in Hexes
  2543 | D:3      | Reached skill level 1 in Charms
  2543 | D:3      | Reached skill level 1 in Necromancy
  2543 | D:3      | Reached skill level 1 in Transmutations
  2543 | D:3      | Reached skill level 1 in Fire Magic
  2543 | D:3      | Reached skill level 1 in Ice Magic
  2543 | D:3      | Reached skill level 1 in Air Magic
  2543 | D:3      | Reached skill level 1 in Earth Magic
  2543 | D:3      | Reached skill level 1 in Poison Magic
  2698 | D:3      | Noticed Terence
  2726 | D:3      | Killed Terence
  2726 | D:3      | Reached XP level 5. HP: 37/37 MP: 10/14
  2788 | D:3      | Noticed Natasha
  2818 | D:3      | Killed Natasha
  2896 | D:3      | Noticed Natasha
  2909 | D:3      | Killed Natasha
  2917 | D:3      | Noticed Natasha
  2925 | D:3      | Killed Natasha
  2961 | D:3      | Found a snail-covered altar of Cheibriados.
  3053 | D:3      | Gained mutation: You are partially covered in slimy green
                  | scales. (AC +2) [potion of mutation]
  3053 | D:3      | Gained mutation: Your spells are a little harder to cast,
                  | but a little more powerful. [potion of mutation]
  3318 | D:4      | Found Tyzod's Weapon Emporium.
  3329 | D:4      | Reached XP level 6. HP: 44/44 MP: 14/16
  3435 | D:4      | Found Rusone's Assorted Antiques.
  3493 | D:4      | Noticed a phantom
  3573 | D:4      | Killed a phantom
  3573 | D:4      | Reached skill level 5 in Dodging
  3605 | D:4      | Found a staircase to the Ecumenical Temple.
  3623 | Temple   | Entered the Ecumenical Temple
  3721 | Temple   | Became a worshipper of Sif Muna the Loreminder
  4067 | D:4      | Found Wadadd's Antique Armour Shoppe.
  4071 | D:4      | Found Yruowoemi's Magic Scroll Boutique.
  4564 | D:4      | Found an opulent altar of Gozag.
  4616 | D:4      | Found Asuasirph's Jewellery Boutique.
  4769 | D:4      | Reached XP level 7. HP: 46/50 MP: 12/18
  4848 | D:5      | Entered Level 5 of the Dungeon
  5283 | D:5      | Got a brightly glowing chain mail
  5301 | D:5      | Identified the +7 chain mail of Miuvireq {Dex+4} (You found
                  | it on level 5 of the Dungeon)
  5490 | D:5      | You fall through a shaft!
  5719 | D:5      | Found a glowing silver altar of Zin.
  5953 | D:6      | Reached skill level 5 in Stealth
  6107 | D:6      | Noticed a hippogriff
  6228 | D:6      | Killed a hippogriff
  6228 | D:6      | Reached XP level 8. HP: 57/57 MP: 14/19
  7054 | D:7      | Found Arphu's Weapon Shoppe.
  7057 | D:7      | Reached * piety under Sif Muna
  7617 | D:8      | Reached skill level 8 in Spellcasting
  7697 | D:8      | Found a basalt altar of Yredelemnul.
  7698 | D:8      | Found an iron altar of Okawaru.
  7698 | D:8      | Found a shadowy altar of Dithmenos.
  7699 | D:8      | Found a glowing golden altar of the Shining One.
  7745 | D:8      | HP: 2/58 [crocodile (5)]
  7746 | D:8      | Slain by a black bear

Skill      XL: |  1  2  3  4  5  6  7  8 |
---------------+-------------------------+-----
Conjurations   | 2 3 |  3.6
Summonings     | 2 3 |  3.6
Translocations | 2 3 |  3.6
Invocations    | 1 2 3 |  3.8
Fighting       | 1 2 3 |  3.4
Short Blades   | 1 2 3 |  3.4
Long Blades    | 1 2 3 |  3.4
Axes           | 1 2 3 |  3.4
Maces & Flails | 1 2 3 |  3.4
Polearms       | 1 2 3 |  3.4
Staves         | 1 2 3 |  3.4
Slings         | 1 2 3 |  3.4
Bows           | 1 2 3 |  3.4
Crossbows      | 1 2 3 |  3.4
Throwing       | 1 2 3 |  3.4
Armour         | 1 2 3 |  3.4
Shields        | 1 2 3 |  3.4
Unarmed Combat | 1 2 3 |  3.4
Evocations     | 1 2 3 |  3.4
Hexes          | 1 2 |  2.8
Charms         | 1 2 |  2.8
Necromancy     | 1 2 |  2.8
Transmutations | 1 2 |  2.8
Fire Magic     | 1 2 |  2.8
Ice Magic      | 1 2 |  2.8
Air Magic      | 1 2 |  2.8
Earth Magic    | 1 2 |  2.8
Poison Magic   | 1 2 |  2.8
Dodging        | 5 |  5.8
Stealth        | 5 |  5.5
Spellcasting   | 8 |  8.0

Action                   |  1- 3 |  4- 6 |  7- 9 || total
-------------------------+-------+-------+-------++-------
Melee: Spear             |       |    21 |    12 ||    33
 Fire: Shortbow          |       |       |     1 ||     1
 Cast: Magic Dart        |    98 |   104 |    85 ||   287
       Call Imp          |       |    47 |    90 ||   137
       Blink             |       |     3 |     3 ||     6
       Slow              |       |     3 |    12 ||    15
  Use: Scroll            |       |     5 |     3 ||     8
       Potion            |       |     5 |       ||     5
 Stab: Distracted        |       |     2 |     1 ||     3
  Eat: Chunk             |     3 |     5 |     9 ||    17
       Ration            |       |     1 |       ||     1
Armor: Robe              |     1 |     7 |    16 ||    24
Dodge: Dodged            |    14 |    42 |    42 ||    98
